 Dungeon Crawl Stone Soup version 0.15-a0-1472-ge546950 (webtiles) character file.

287224 Psiweapon the Fetichist (level 21, -12/160 HPs)
             Began as a Gargoyle Chaos Knight on June 13, 2014.
             Was a Favourite Plaything of Xom.
             Mangled by a deep elf blademaster
             ... wielding a +0,+0 cutlass of venom
              (19 damage)
             ... on Level 3 of the Elven Halls.
             The game lasted 05:14:57 (40280 turns).

Psiweapon the Fetichist (Gargoyle Chaos Knight)    Turns: 40280, Time: 05:15:01

HP -12/160       AC  5     Str 19      XL: 21   Next:  6%
MP   0/47        EV 17     Int 20      God: Xom
Gold 3763        SH  0     Dex 13      Spells:  3 memorised, 16 levels left

rFire  . . .     SeeInvis .     P - melded +5,+6 whip (elec)
rCold  + + +     Clarity  .     J - melded +9 plate armour "Etsojit" {+Inv rElec rN+ SInv}
rNeg   + . .     rCorr    .     A - melded +3 buckler "Puisug" {+Fly rElec rF+ rC+}
rPois  +         rRot     +     W - melded +0 hat {MR+}
rElec  +         Spirit   +     L - melded +0 cloak
SustAb .         Warding  .     R - melded +2 pair of gloves {Str+3}
rMut   .         Stasis   .     j - melded +1 pair of boots
Gourm  .                        V - amulet of guardian spirit
MR     +++..                    m - ring of regeneration
                                y - ring of magical power

@: ice-form, resistant, flying, extremely resistant to hostile enchantments,
unstealthy
A: able to fly continuously, (antennae 0), (large and strong wings), repulsion
field 1, (slimy green scales 0), agile 1, blink 1, blurry vision 1, clever 1,
magic resistance 2, life protection 1, (shaggy fur 0), (electricity resistance),
slow metabolism 1, (unbreathing), petrification resistance, rot immunity, AC +15
a: Stop Flying, Blink, Renounce Religion
}: 1/15 runes: serpentine


You were on level 3 of the Elven Halls.
You worshipped Xom.
You were Xom's teddy bear.
You were not hungry.
You were a creature of crystalline ice.
You visited 9 branches of the dungeon, and saw 39 of its levels.
You also visited: Labyrinth, Bailey and Ice Cave.

You collected 4310 gold pieces.
You spent 547 gold pieces at shops.

Inventory:

Hand weapons
 N - a +2,+2 morningstar of draining
 P - a +5,+6 whip of electrocution (melded)
 U - the +7,+5 scimitar of Flaming Death {flame, rPois rF++ rC- MR+}
   (You found it on level 3 of the Lair of Beasts)

   It emits flame when wielded, causing extra injury to most foes and up to
   double damage against particularly susceptible opponents.
   Big, fiery blades are also staple armaments of hydra-hunters.
   It greatly protects you from fire.
   It makes you vulnerable to cold.
   It protects you from poison.
   It affects your resistance to hostile enchantments.
Armour
 j - a +1 pair of boots (melded)
 A - the +3 buckler "Puisug" (melded) {+Fly rElec rF+ rC+}
   (Xom gifted it to you on level 5 of the Dungeon)

   It protects you from fire.
   It protects you from cold.
   It insulates you from electricity.
   It lets you fly.
 J - the +9 plate armour "Etsojit" (melded) {+Inv rElec rN+ SInv}
   (You found it in an ice cave)

   It insulates you from electricity.
   It protects you from negative energy.
   It enhances your eyesight.
   It lets you turn invisible.
 L - a +0 cloak (melded)
 R - a +2 pair of gloves of strength (melded)
 W - a +0 hat of magic resistance (melded)
Magical devices
 a - a wand of fireball (1)
 c - a wand of confusion (8)
 q - a wand of slowing (5)
 r - a wand of teleportation (7)
 v - a wand of disintegration (11)
 x - a wand of paralysis (10)
 C - a wand of random effects (10)
 D - a wand of confusion (11)
 G - a wand of heal wounds (3)
 Q - a wand of fire (10)
Comestibles
 w - 18 meat rations
Scrolls
 g - 4 scrolls of magic mapping
 h - a scroll of blinking
 o - 7 scrolls of teleportation
 p - 9 scrolls of remove curse
 B - 3 scrolls of immolation
 H - 5 scrolls of identify
 M - 6 scrolls of fog
 S - a scroll of recharging
 T - a scroll of enchant armour
Jewellery
 i - an uncursed ring of protection from cold
 m - a ring of regeneration (right paw)
 u - an uncursed amulet of the gourmand
 y - a ring of magical power (left paw)
 V - an amulet of guardian spirit (around neck)
 Z - an uncursed amulet of clarity
Potions
 b - a potion of haste
 e - 4 potions of brilliance
 l - 16 potions of curing
 s - 2 potions of heal wounds
 t - 2 potions of invisibility
 F - 4 potions of resistance
 I - 4 potions of restore abilities
 K - 3 potions of agility
 O - 9 potions of might
Miscellaneous
 d - a phial of floods (inert)
 n - a lantern of shadows
 z - a phial of floods
 E - a phial of floods
 X - a disc of storms
 Y - an ornate deck of destruction {Vitriol}
Rods
 f - a +4 lightning rod (5/11)
   (You took it off a minotaur in a labyrinth)


   Skills:
 - Level 15.3 Fighting
   Level 2.7(6.3) Axes
 + Level 13.2(13.3) Maces & Flails
 - Level 3.7 Throwing
 - Level 14.9 Armour
 - Level 10.2 Dodging
 - Level 2.1 Stealth
 - Level 11.2 Shields
 + Level 3.8 Charms
 - Level 18.2 Evocations


You had 16 spell levels left.
You knew the following spells:

 Your Spells              Type           Power        Failure   Level  Hunger
a - Animate Skeleton      Necr           N/A          21%         1    ##.....
b - Apportation           Tloc           #.........   21%         1    ##.....
c - Swiftness             Chrm/Air       #.......     17%         2    ###....


Dungeon Overview and Level Annotations

Branches:
Dungeon (15/15)            Temple (1/1) D:6             Orc (4/4) D:11
    Elf (3/3) Orc:4          Lair (8/8) D:9          Shoals (1/5) Lair:6
  Snake (5/5) Lair:3        Slime (0/6) Lair:6       Vaults (1/5) D:14
 Depths (1/5) D:15

Altars:
Ashenzari
Cheibriados
Dithmenos
Elyvilon
Fedhas
Gozag
Kikubaaqudgha
Makhleb
Nemelex Xobeh
Okawaru
Qazlal
Sif Muna
Trog
Vehumet
Xom
Yredelemnul
Zin
The Shining One
Beogh
Jiyva

Shops:
D:6 !   D:10 [   D:11 (   Orc:1 (   Orc:3 (   Orc:4 (=*[   Elf:1 (   Elf:2 %}
Snake:5 (:%:*   Vaults:1 :

Portals:
Hell: Depths:1

Annotations:
D:3 Natasha
Snake:2 2 exclusions


Innate Abilities, Weirdness & Mutations

You are resistant to torment.
You are immune to poison.
You can fly continuously.
((Your stone body is very resilient (AC +15).))*
((Your wings are large and strong.))*
You resist negative energy.
((You are resistant to electric shocks.))*
((You can survive without breathing.))*
You are immune to petrification.
You are immune to rotting.
((You have a pair of small antennae on your head.))*
You are surrounded by a mild repulsion field (EV +2).
((You are partially covered in slimy green scales (AC +2).))*
You are agile. (Dex +2)
You can translocate small distances at will.
Your vision is a little blurry.
Your mind is acute. (Int +2)
You are highly resistant to hostile enchantments.
((You are covered in fur (AC +1).))*
You have a slow metabolism.


Message History

The deep elf blademaster is heavily wounded.
The deep elf blademaster hits you with a glowing cutlass!
* * * LOW HITPOINT WARNING * * *
The deep elf blademaster splashes around in the water.
Drink which item? (? for menu, Esc to quit)
You feel much better.
The deep elf blademaster hits you with a glowing cutlass!
* * * LOW HITPOINT WARNING * * *
The deep elf blademaster hits you with a cutlass of electrocution!
* * * LOW HITPOINT WARNING * * *
Read which item? (? for menu, Esc to quit)
As you read the scroll of fear, it crumbles to dust.
You assume a fearsome visage.
The deep elf blademaster resists.
The deep elf blademaster hits you with a glowing cutlass!!
* * * LOW HITPOINT WARNING * * *
The deep elf blademaster hits you with a cutlass of electrocution!
* * * LOW HITPOINT WARNING * * *
The deep elf blademaster hits you with a glowing cutlass!!
You die...
Xom thinks this is hilarious!

.# ###............#**# .#
###.########.# .# ### #.# '# #.#
.#* #.# ..*** #.## ...,* #..#
..##* ###.## ### #Y#..# * ##e#.#
###)# #.# *** #.# ** ***,***
###e### ***, **,,,,e** ##..e..##
**,,,
***,,,e,,,***###.......###***,,,e
*e,e,,,,,,,,*#.....2.....#*,,,,,,


You could see a deep elf blademaster.

Vanquished Creatures
  Asterion (Snake:3)
  Rupert (Lair:8)
  4 fire dragons (Vaults:1)
  Donald (Snake:3)
  The ghost of Yermak the Hoplite, a powerful DgAs (Depths:1)
  A deep elf sorcerer (Elf:3)
  6 greater nagas
  Aizul (Snake:5)
  Louise (D:15)
  2 vault wardens (Vaults:1)
  2 orc warlords
  2 stone giants (Vaults:1)
  A frost giant (IceCv)
  A deep elf annihilator (Elf:3)
  A deep elf demonologist (Elf:3)
  Azrael (D:15)
  4 vault guards (D:14)
  3 deep elf high priests (Elf:3)
  2 minotaurs
  3 yaktaur captains
  2 great orbs of eyes
  2 rakshasas (Vaults:1)
  2 ironheart preservers (Vaults:1)
  Fannar (Lair:8)
  13 naga warriors
  Nessos (D:12)
  2 hydras
  6 anacondas
  An alligator (Vaults:1)
  3 orc high priests (Orc:4)
  2 ogre magi
  7 death yaks
  11 naga sharpshooters
  A salamander mystic (Snake:3)
  6 centaur warriors
  4 deep elf knights
  6 shock serpents
  A fire crab (Vaults:1)
  5 naga ritualists
  2 unseen horrors
  A giant orange brain (Vaults:1)
  6 hill giants
  5 deep trolls (Vaults:1)
  A deep troll (shapeshifter) (Vaults:1)
  An ironbrand convoker (Vaults:1)
  3 deep elf summoners (Elf:1)
  2 harpies (shapeshifter)
  A griffon (D:13)
  5 deep elf conjurers
  7 orc knights
  Joseph (D:8)
  6 harpies
  2 manticores
  3 wolf spiders
  5 mana vipers
  3 red wasps
  2 sixfirhies
  5 orc sorcerers
  7 cyclopes
  31 black mambas
  A draconian (Snake:3)
  An octopode (Elf:2)
  The ghost of Chiseanne the Slicer, an experienced OpAs of Gozag (D:7)
  A mermaid (Lair:6)
  2 wizards
  2 feature mimics
  4 guardian serpents
  4 salamanders
  10 elephants
  Pikel (D:7)
  A gargoyle (D:15)
  3 vault sentinels (Vaults:1)
  A centaur zombie (D:15)
  20 spiny frogs
  23 naga magi
  9 yaktaurs
  An elf (shapeshifter) (D:15)
  11 komodo dragons
  Grinder (D:3)
  A redback zombie (D:12)
  2 deep elf priests
  A fire drake (Lair:4)
  6 trolls
  A freezing wraith (Vaults:1)
  4 two-headed ogres
  A jumping spider (Elf:1)
  2 wandering mushrooms (Lab)
  A wind drake (shapeshifter) (Vaults:1)
  Prince Ribbit (D:7)
  10 polar bears
  2 blue devils
  12 blink frogs
  A vampire (D:14)
  A shadow (D:15)
  7 slime creatures
  A tarantella (shapeshifter) (Vaults:1)
  5 basilisks
  16 deep elf magi
  2 fire elementals
  13 deep elf fighters
  2 neqoxecs
  2 redbacks (Elf:1)
  55 yaks
  2 hungry ghosts
  7 sharks
  6 hippogriffs
  A wraith (Vaults:1)
  2 water elementals
  A hog (shapeshifter) (D:14)
  2 hill giant zombies
  2 wyverns
  20 ugly things
  21 wolves
  4 wargs (Orc:3)
  9 vampire mosquitoes
  4 mottled dragons
  11 porcupines
  33 water moccasins
  3 hell hounds (D:15)
  A small abomination (Snake:5)
  7 ice beasts
  45 nagas
  A dwarf (D:4)
  6 yellow wasps
  A phantom (D:9)
  11 centaurs
  13 ogres
  5 spiders (Lair:8)
  A boggart (D:15)
  43 orc warriors
  2 boring beetles
  A boring beetle (shapeshifter) (D:14)
  2 manticore skeletons
  Sigmund (D:3)
  A brain worm (D:14)
  12 giant frogs
  Blork the orc (D:7)
  13 crocodiles
  A komodo dragon zombie (D:12)
  A yaktaur skeleton (D:13)
  4 slaves (D:7)
  5 scorpions
  2 sky beasts
  A troll zombie (D:9)
  A wyvern skeleton (D:15)
  12 wights
  2 electric eels
  An eye of draining (D:15)
  18 killer bees
  2 quasits
  2 goliath beetles
  10 crimson imps
  26 orc priests
  12 hounds
  A giant frog skeleton (D:8)
  2 centaur skeletons
  9 iguanas
  A big fish (Orc:3)
  Natasha (D:3)
  16 worker ants
  3 orange rats (Elf:1)
  An ogre zombie (D:6)
  25 sheep
  Terence (D:3)
  A mummy (D:8)
  24 orc wizards
  2 orc zombies
  A scorpion zombie (D:10)
  A worker ant zombie (D:9)
  16 gnolls
  A gnoll skeleton (D:8)
  26 green rats (Lair:5)
  6 shadow imps
  3 giant mites
  A worm (D:2)
  2 ufetubi (IceCv)
  An adder skeleton (D:8)
  2 orc skeletons
  5 giant geckos
  An ooze (D:7)
  133 orcs
  26 adders
  3 ball pythons
  20 bats
  A bat skeleton (D:8)
  5 giant cockroaches
  27 hobgoblins
  16 jackals
  17 quokkas
  8 giant newts
  2 giant spores
  35 goblins
  A hobgoblin skeleton (D:4)
  22 kobolds
  A kobold skeleton (D:4)
  A kobold zombie (D:5)
  24 rats
  4 spectral orcs (Lair:3)
  A ballistomycete (D:9)
  A fungus (Orc:4)
  4 plants
1360 creatures vanquished.

Vanquished Creatures (collateral kills)
  Vashnia (Snake:2)
  Gastronok (Lair:1)
  Snorg (Lair:4)
  A naga warrior (Snake:5)
  A death yak (Lair:5)
  A shock serpent (Snake:5)
  Nergalle (Lair:3)
  A naga sharpshooter (Snake:2)
  2 deep elf knights (Elf:1)
  2 deep elf summoners (Elf:1)
  An orc knight (Vaults:1)
  A griffon (Lair:7)
  3 black mambas
  An orc sorcerer (Orc:4)
  2 yaktaurs (Vaults:1)
  2 trolls (Orc:4)
  5 blink frogs
  An ugly thing (D:12)
  2 yaks
  A deep elf mage (Elf:1)
  A fire elemental (D:15)
  2 nagas (Lair:3)
  An ogre (D:6)
  An orc warrior (Orc:4)
  2 crocodiles
  A boring beetle (Lair:7)
  A giant frog (D:9)
  A killer bee (D:8)
  3 orc priests
  A hound (D:8)
  A jelly (D:12)
  A big fish (D:6)
  3 orc wizards
  An adder (Lair:7)
  9 green rats
  A giant mite (D:9)
  An ufetubus (D:7)
  2 orc zombies
  39 orcs
  4 bats (D:9)
  5 goblins
  5 hobgoblins
  3 kobolds (D:14)
  4 rats
  A fungus (Orc:4)
125 creatures vanquished.

Vanquished Creatures (others)
  A dancing weapon (Snake:3)
  2 naga magi
  4 water elementals
  2 polar bears (IceCv)
  2 deep elf magi (Elf:1)
  3 shadows
  3 wolves (IceCv)
  3 boggarts (D:15)
  A centaur (D:15)
  A big kobold (D:9)
  5 iron imps
  4 crimson imps
  A hound (Snake:3)
  4 quasits
  An orange rat (Elf:1)
  6 shadow imps
  10 ufetubi
  7 white imps
  2 orcs
  A goblin (Bailey)
  2 hobgoblins (Bailey)
  An orc zombie (Orc:4)
  A butterfly (Lair:3)
  A fungus (Lair:5)
  2 plants (D:14)
70 creatures vanquished.

Grand Total: 1555 creatures vanquished

Notes
Turn   | Place    | Note
--------------------------------------------------------------
     0 | D:1      | Psiweapon, the Gargoyle Chaos Knight, began the quest for the Orb.
     0 | D:1      | Reached XP level 1. HP: 14/14 MP: 1/1
    85 | D:1      | XOM: harmless Summ miscast
   118 | D:1      | Reached XP level 2. HP: 17/19 MP: 2/2
   390 | D:2      | XOM: cast spell 'Cause Fear'
   413 | D:2      | Reached XP level 3. HP: 18/23 MP: 3/3
   483 | D:2      | Reached skill level 4 in Maces & Flails
   532 | D:2      | XOM: mild Erth miscast
   676 | D:2      | XOM: divination: detect items
   692 | D:2      | XOM: cast spell 'Blink'
   892 | D:1      | Reached XP level 4. HP: 28/28 MP: 4/4
   951 | D:2      | XOM: harmless Fire miscast
  1055 | D:1      | XOM: divination: detect creatures
  1104 | D:1      | XOM: scenery: create altars
  1151 | D:1      | XOM: colour smoke trail
  1485 | D:4      | Reached skill level 1 in Stealth
  1579 | D:3      | XOM: vitrification
  1637 | D:3      | XOM: give mutations
  1637 | D:3      | Gained mutation: You are partially covered in slimy green scales (AC +2). [Xom's grace]
  1637 | D:3      | Gained mutation: You possess an exceptional clarity of mind. [Xom's grace]
  1645 | D:3      | Noticed Sigmund
  1651 | D:3      | XOM: divination: magic mapping
  1667 | D:3      | Killed Sigmund
  1667 | D:3      | Reached skill level 5 in Maces & Flails
  1667 | D:3      | Reached XP level 5. HP: 14/32 MP: 5/5
  1837 | D:3      | XOM: silly message
  1841 | D:3      | Noticed Terence
  1861 | D:3      | Killed Terence
  1900 | D:3      | Noticed Grinder
  1903 | D:3      | XOM: potion effect (might)
  1917 | D:3      | Killed Grinder
  1917 | D:3      | Reached skill level 7 in Maces & Flails
  1917 | D:3      | Reached XP level 6. HP: 17/37 MP: 6/6
  1937 | D:3      | XOM: vitrification
  1998 | D:3      | XOM: god gift: orange potion
  2005 | D:3      | XOM: divination: detect items
  2022 | D:3      | XOM: divination: magic mapping
  2027 | D:3      | Noticed Natasha
  2033 | D:3      | Killed Natasha
  2033 | D:3      | Reached XP level 7. HP: 26/41 MP: 7/7
  2309 | D:4      | HP: 1/41 [orc wizard/magic dart (5)]
  2318 | D:4      | XOM: 1-stop teleportation journey
  2323 | D:4      | XOM: swap weapons
  2331 | D:4      | XOM: 5-stop teleportation journey
  2354 | D:4      | HP: 2/41 [worker ant (5)]
  2448 | D:4      | XOM: mild Chrm miscast
  2587 | D:4      | XOM: mild Pois miscast
  2834 | D:4      | Noticed a scorpion
  2838 | D:4      | a scorpion changed into a dwarf
  2838 | D:4      | XOM: polymorph scorpion -> dwarf
  2922 | D:4      | Reached skill level 5 in Armour
  2937 | D:3      | Noticed Natasha
  3031 | D:4      | XOM: give mutations
  3031 | D:4      | Gained mutation: Armour fits poorly on your strangely shaped body. [Xom's mischief]
  3031 | D:4      | Lost mutation: You possess an exceptional clarity of mind. [Xom's mischief]
  3143 | D:5      | Entered Level 5 of the Dungeon
  3192 | D:6      | XOM: blink monster(s)
  3208 | D:5      | Reached XP level 8. HP: 44/46 MP: 8/8
  3252 | D:5      | XOM: 9-stop teleportation journey
  3270 | D:5      | Reached skill level 8 in Maces & Flails
  3299 | D:5      | Found a shattered altar of Ashenzari.
  3450 | D:5      | XOM: medium Divn miscast
  3570 | D:5      | XOM: summons 4 hostile shadow creatures
  3705 | D:5      | XOM: god gift: dazzling buckler {god gift}
  3708 | D:5      | Got a dazzling buckler {god gift}
  3709 | D:5      | Identified the +3 buckler "Puisug" {+Fly rElec rF+ rC+} (Xom gifted it to you on level 5 of the Dungeon)
  3739 | D:5      | XOM: god gift: meat ration
  4010 | D:5      | Reached skill level 1 in Shields
  4107 | D:5      | XOM: god gift: phial of floods
  4333 | D:6      | Found a staircase to the Ecumenical Temple.
  4333 | D:6      | Noticed a wyvern
  4339 | D:6      | XOM: summons friendly white imp
  4343 | D:6      | Killed a wyvern
  4520 | D:6      | Found Meadaet's Distillery.
  4524 | D:6      | Bought a potion of agility for 35 gold pieces
  4524 | D:6      | Bought a potion of lignification for 28 gold pieces
  4542 | D:6      | XOM: stat loss: -1 Dex (9/10)
  4566 | D:6      | XOM: god gift: 24 gold pieces
  4640 | D:6      | Found a burning altar of Makhleb.
  4679 | D:6      | XOM: vitrification
  4959 | Temple   | Entered the Ecumenical Temple
  5230 | D:7      | Noticed Blork the orc
  5234 | D:7      | XOM: 8-stop teleportation journey
  5262 | D:7      | Reached skill level 9 in Maces & Flails
  5336 | D:7      | XOM: divination: detect creatures
  5343 | D:7      | XOM: mild Erth miscast
  5404 | D:7      | Noticed Chiseanne's ghost (experienced OpAs)
  5406 | D:7      | XOM: summons 5 friendly demons
  5416 | D:7      | Killed Chiseanne's ghost
  5416 | D:7      | Reached XP level 9. HP: 51/51 MP: 9/9
  5443 | D:7      | XOM: mild Summ miscast
  5512 | D:7      | XOM: 3-stop teleportation journey
  5577 | D:7      | Killed Blork the orc
  5577 | D:7      | Reached skill level 5 in Shields
  5610 | D:7      | Noticed Pikel
  5621 | D:7      | XOM: divination: detect items
  5624 | D:7      | Killed Pikel
  5696 | D:7      | Noticed Prince Ribbit
  5698 | D:7      | XOM: confusion (+ monsters)
  5701 | D:7      | XOM: summons friendly ufetubus
  5717 | D:7      | XOM: enchant monster (good)
  5739 | D:7      | Killed Prince Ribbit
  5739 | D:7      | Reached skill level 10 in Maces & Flails
  5872 | D:7      | XOM: medium Hex miscast
  6004 | D:8      | Noticed a two-headed ogre
  6007 | D:8      | Killed a two-headed ogre
  6114 | D:8      | Noticed Joseph
  6120 | D:8      | XOM: divination: detect items
  6131 | D:8      | Killed Joseph
  6131 | D:8      | Reached XP level 10. HP: 38/56 MP: 10/10
  6193 | D:8      | XOM: 1-stop teleportation journey
  6208 | D:8      | Reached skill level 11 in Maces & Flails
  6231 | D:8      | XOM: harmless Fire miscast
  6258 | D:8      | Got a polished war axe
  6264 | D:8      | Identified the +1,+5 war axe of the Coward {chop, +Inv rF+ Stlth-} (You found it on level 8 of the Dungeon)
  6280 | D:8      | XOM: noise
  6332 | D:9      | XOM: mild Summ miscast
  6336 | D:9      | Reached skill level 1 in Axes
  6339 | D:9      | XOM: give mutation
  6339 | D:9      | Gained mutation: You are frail (-10% HP). [Xom's mischief]
  6490 | D:10     | Entered Level 10 of the Dungeon
  6536 | D:9      | XOM: summons 4 friendly demons
  6566 | D:9      | Found a staircase to the Lair.
  6619 | Lair:1   | Entered Level 1 of the Lair of Beasts
  6651 | Lair:1   | XOM: divination: detect creatures
  6674 | Lair:1   | Noticed Gastronok
  6682 | Lair:1   | XOM: cast spell 'Summon Hydra'
  6686 | Lair:1   | Killed Gastronok
  6763 | Lair:1   | XOM: 1-stop teleportation journey
  6789 | Lair:1   | Reached skill level 10 in Shields
  6864 | Lair:1   | XOM: god gift: 20 stones
  7000 | Lair:1   | XOM: potion effect (haste)
  7062 | Lair:1   | Noticed a four-headed hydra
  7063 | Lair:1   | XOM: divine lightning (protected)
  7072 | Lair:1   | Killed a four-headed hydra
  7072 | Lair:1   | Reached skill level 12 in Maces & Flails
  7072 | Lair:1   | Reached XP level 11. HP: 44/54 MP: 11/11
  7250 | Lair:1   | XOM: give mutation
  7250 | Lair:1   | Gained mutation: You have a pair of small antennae on your head. [Xom's grace]
  7329 | Lair:1   | XOM: divination: detect creatures
  8045 | Lair:2   | XOM: cast spell 'Dispersal'
  8076 | Lair:2   | XOM: god gift: 25 gold pieces
  8110 | Lair:2   | XOM: summons 3 friendly demons
  8117 | Lair:2   | XOM: swap monsters
  8120 | Lair:2   | Reached skill level 1 in Evocations
  8197 | Lair:2   | XOM: give mutations
  8197 | Lair:2   | Gained mutation: You are resistant to hostile enchantments. [Xom's grace]
  8197 | Lair:2   | Gained mutation: You are highly resistant to hostile enchantments. [Xom's grace]
  8197 | Lair:2   | Gained mutation: Your spells are a little easier to cast, but a little less powerful. [Xom's grace]
  8481 | Lair:3   | Noticed Nergalle
  8499 | Lair:3   | XOM: cast spell 'Summon Butterflies'
  8504 | Lair:3   | XOM: confuse monster(s)
  8522 | Lair:3   | Killed Nergalle
  8576 | Lair:3   | Got a faintly glowing scimitar
  8584 | Lair:3   | Identified the +11,+8 scimitar of Conformity {drain, -Tele rElec rPois rF+ rN+ MR+ Dex+4} (You found it on level 3 of the Lair of Beasts)
  8612 | Lair:3   | Found a staircase to the Snake Pit.
  8684 | Lair:3   | Reached skill level 5 in Fighting
  8760 | Lair:3   | XOM: severe Fire miscast
  8940 | Lair:2   | XOM: give mutations
  8940 | Lair:2   | Gained mutation: You have sharp toenails. [Xom's grace]
  8940 | Lair:2   | Lost mutation: Your spells are a little easier to cast, but a little less powerful. [Xom's grace]
  8940 | Lair:2   | Gained mutation: Your muscles are strong. (Str +2) [Xom's grace]
  8974 | Lair:2   | XOM: blink monster(s)
  9136 | D:9      | XOM: summons friendly iron imp
  9235 | D:9      | XOM: medium Conj miscast
  9416 | D:8      | Reached skill level 5 in Evocations
  9623 | D:8      | XOM: harmless Fire miscast
  9802 | D:8      | XOM: harmless Divn miscast
 10038 | D:6      | XOM: god gift: phial of floods
 10369 | D:9      | XOM: god gift: 49 gold pieces
 10401 | D:9      | XOM: swap monsters
 10530 | D:9      | Reached XP level 12. HP: 60/63 MP: 21/21
 10592 | D:9      | XOM: give mutations
 10592 | D:9      | Gained mutation: Your body is slowly deteriorating. [Xom's mischief]
 10592 | D:9      | Lost mutation: Your muscles are strong. (Str +2) [Xom's mischief]
 10592 | D:9      | Gained mutation: Your vision is a little blurry. [Xom's mischief]
 10592 | D:9      | Lost mutation: Your body is slowly deteriorating. [Xom's mischief]
 10616 | D:8      | XOM: confusion (+ monsters)
 10701 | D:7      | XOM: medium Chrm miscast
 10752 | D:8      | XOM: repel stairs
 10846 | D:9      | XOM: medium Conj miscast
 11359 | D:10     | XOM: stat loss: -1 Dex (9/10)
 11522 | Lair:3   | XOM: confusion
 11625 | Lair:3   | XOM: stat loss: -1 Dex (8/10)
 11763 | Lair:4   | XOM: vitrification
 11764 | Lair:4   | XOM: 1-stop teleportation journey
 11768 | Lair:4   | Found a white marble altar of Elyvilon.
 11777 | Lair:4   | Got a pitted quarterstaff
 11800 | Lair:4   | Identified the +12,+6 quarterstaff "Ecui" {flame, rF+ Int+2} (You found it on level 4 of the Lair of Beasts)
 11814 | Lair:4   | XOM: harmless Trmt miscast
 12079 | Lair:4   | Noticed Snorg
 12083 | Lair:4   | XOM: summons 1 hostile demon
 12102 | Lair:5   | XOM: summons friendly iron imp
 12105 | Lair:5   | XOM: harmless Fire miscast
 12109 | Lair:5   | XOM: repel stairs
 12112 | Lair:5   | XOM: summons 2 friendly demons
 12121 | Lair:5   | XOM: summons friendly crimson imp
 12133 | Lair:5   | XOM: harmless Trmt miscast
 12443 | Lair:4   | Killed Snorg
 12987 | Lair:6   | Found a viscous altar of Jiyva.
 12987 | Lair:6   | Found a staircase to the Slime Pits.
 13008 | Lair:6   | XOM: blink monster(s)
 13014 | Lair:6   | Found a labyrinth entrance.
 13023 | Lab      | Entered a labyrinth
 13064 | Lab      | XOM: enchant monster (good)
 13242 | Lab      | XOM: harmless Summ miscast
 13373 | Lab      | XOM: mild Trmt miscast
 13398 | Lab      | Noticed a minotaur
 13398 | Lab      | XOM: noise
 13400 | Lab      | XOM: harmless Fire miscast
 13413 | Lab      | XOM: summons 4 friendly demons
 13414 | Lab      | Killed a minotaur
 13420 | Lab      | Identified Iskenderun's Volume of Conjuration
 13490 | Lair:6   | Found a frozen archway.
 13500 | IceCv    | Entered an ice cave
 13571 | IceCv    | XOM: blink monster(s)
 13638 | IceCv    | XOM: summons 3 friendly demons
 13692 | IceCv    | XOM: summons friendly ufetubus
 13694 | IceCv    | Reached skill level 10 in Fighting
 13773 | IceCv    | Noticed a death yak
 13774 | IceCv    | Noticed a death yak
 13774 | IceCv    | XOM: confusion
 13776 | IceCv    | XOM: swap monsters
 13790 | IceCv    | Killed a death yak
 13805 | IceCv    | Killed a death yak
 13810 | IceCv    | Reached XP level 13. HP: 37/74 MP: 15/25
 13830 | IceCv    | XOM: summons 3 friendly demons
 13848 | IceCv    | XOM: divine lightning (protected)
 14030 | IceCv    | XOM: enchant monster (good)
 14038 | IceCv    | XOM: enchant monster (good)
 14146 | IceCv    | Noticed a frost giant
 14146 | IceCv    | Noticed a death yak
 14148 | IceCv    | Noticed a death yak
 14158 | IceCv    | XOM: summons friendly iron imp
 14160 | IceCv    | Killed a death yak
 14166 | IceCv    | XOM: mild Conj miscast
 14168 | IceCv    | XOM: cast spell 'Spider Form'
 14269 | IceCv    | XOM: fake destruction
 14271 | IceCv    | XOM: cast spell 'Spider Form'
 14279 | IceCv    | XOM: 3-stop teleportation journey
 14350 | IceCv    | XOM: harmless Summ miscast
 14357 | IceCv    | Reached skill level 10 in Evocations
 14357 | IceCv    | XOM: harmless Pois miscast
 14358 | IceCv    | XOM: summons 4 hostile demons
 14369 | IceCv    | Killed a death yak
 14453 | IceCv    | Killed a frost giant
 14712 | IceCv    | XOM: torment (64/75 hp)
 14725 | IceCv    | Got an ichor-stained plate armour
 14748 | IceCv    | Identified the +9 plate armour "Etsojit" {+Inv rElec rN+ SInv} (You found it in an ice cave)
 15133 | Lair:5   | XOM: silly message
 15166 | Lair:5   | XOM: silly message
 15185 | Lair:5   | XOM: enchant monster (bad)
 15203 | Lair:5   | XOM: give mutations
 15203 | Lair:5   | Gained mutation: Your mind is acute. (Int +2) [Xom's grace]
 15203 | Lair:5   | Gained mutation: You are mostly covered in slimy green scales (AC +3). [Xom's grace]
 15203 | Lair:5   | Gained mutation: You are surrounded by a mild repulsion field (EV +2). [Xom's grace]
 15209 | Lair:5   | XOM: destruction
 15210 | Lair:5   | Noticed a death yak
 15210 | Lair:5   | XOM: summons friendly iron imp
 15211 | Lair:5   | Noticed a death yak
 15212 | Lair:5   | Noticed a death yak
 15212 | Lair:5   | Noticed a death yak
 15213 | Lair:5   | XOM: summons friendly crimson imp
 15345 | Lair:5   | XOM: give mutations
 15345 | Lair:5   | Lost mutation: Your mind is acute. (Int +2) [Xom's mischief]
 15345 | Lair:5   | Lost mutation: You are mostly covered in slimy green scales (AC +3). [Xom's mischief]
 15345 | Lair:5   | Lost mutation: You are frail (-10% HP). [Xom's mischief]
 15372 | Lair:5   | XOM: mild Ice miscast
 15377 | Lair:5   | Killed a death yak
 15387 | Lair:5   | Killed a death yak
 15387 | Lair:5   | Killed a death yak
 15401 | Lair:5   | Killed a death yak
 15641 | Lair:5   | XOM: summons 3 hostile shadow creatures
 15896 | Lair:6   | Found a staircase to the Shoals.
 15950 | Lair:6   | XOM: enchant monster (bad)
 16012 | Lair:6   | XOM: confusion
 16061 | Lair:6   | XOM: 1-stop teleportation journey
 16094 | Lair:6   | XOM: silly message
 16198 | Lair:6   | XOM: noise
 16324 | Lair:6   | XOM: potion effect (agility)
 16460 | Lair:7   | XOM: cast spell 'Metabolic Englaciation'
 16506 | Lair:7   | XOM: silly message
 16525 | Lair:7   | Got a distressingly furry plate armour
 16540 | Lair:7   | XOM: colour smoke trail
 16766 | Lair:1   | XOM: colour smoke trail
 16963 | Lair:7   | Got a jewelled spear
 17350 | Lair:7   | Reached skill level 13 in Fighting
 17574 | Lair:8   | Entered Level 8 of the Lair of Beasts
 17634 | Lair:8   | XOM: noise
 17641 | Lair:8   | Gained mutation: Your wings are large and strong. [gargoyle growth]
 17641 | Lair:8   | Reached XP level 14. HP: 88/94 MP: 28/28
 17771 | Lair:8   | Noticed Fannar
 17780 | Lair:8   | XOM: silly message
 17799 | Lair:8   | Killed Fannar
 17813 | Lair:8   | XOM: potion effect (berserk rage)
 17905 | Lair:8   | XOM: enchant monster (good)
 17986 | Lair:8   | XOM: snakes to sticks
 18092 | Lair:8   | Identified the +2,+6 spear "Otoadeam" {pierce, rF++ rC- Int+2} (You found it on level 7 of the Lair of Beasts)
 18100 | Lair:8   | XOM: snakes to sticks
 18101 | Lair:8   | XOM: harmless Chrm miscast
 18124 | Lair:8   | Noticed Rupert
 18132 | Lair:8   | XOM: enchant monster (good)
 18173 | Lair:8   | Killed Rupert
 18573 | Lair:8   | XOM: divination: detect creatures
 18631 | Lair:8   | XOM: enchant monster (bad)
 18634 | Lair:8   | Reached skill level 14 in Fighting
 18636 | Lair:8   | XOM: mild Necr miscast
 18830 | Lair:8   | XOM: silly message
 19106 | Lair:6   | XOM: potion effect (haste)
 19146 | Shoals:1 | Entered Level 1 of the Shoals
 19387 | Lair:1   | Identified the cursed -3 plate armour "Juju" {Dex+3 Int-2} (You found it on level 7 of the Lair of Beasts)
 19449 | Lair:1   | XOM: silly message
 19615 | D:10     | XOM: mild Pois miscast
 19650 | D:10     | Got a bronze scale mail
 19686 | D:10     | Found Psausoj's Antique Armour Shoppe.
 19870 | D:10     | XOM: give mutation
 19870 | D:10     | Lost mutation: You have sharp toenails. [Xom's mischief]
 19965 | D:11     | Found a flagged portal.
 19968 | D:11     | XOM: swap weapons
 19985 | D:11     | XOM: noise
 19991 | D:11     | XOM: mild Tloc miscast
 20007 | Bailey   | Entered a bailey
 20105 | Bailey   | Noticed an orc warlord
 20107 | Bailey   | XOM: destruction
 20116 | Bailey   | Killed an orc warlord
 20135 | Bailey   | XOM: 1-stop teleportation journey
 20226 | Bailey   | XOM: divination: detect creatures
 20337 | Bailey   | Identified the +3 scale mail of the Seven Lies {rF+ Int+3 Stlth++} (You found it on level 10 of the Dungeon)
 20443 | D:11     | XOM: harmless Conj miscast
 20454 | D:11     | XOM: potion effect (berserk rage)
 20510 | D:11     | XOM: colour smoke trail
 20531 | D:11     | XOM: summons 12 friendly demons
 20714 | Lair:1   | Gained mutation: You can spit poison. [potion of mutation]
 20714 | Lair:1   | Lost mutation: You can spit poison. [potion of mutation]
 20714 | Lair:1   | Lost mutation: Armour fits poorly on your strangely shaped body. [potion of mutation]
 20771 | D:11     | XOM: confusion
 20778 | D:11     | XOM: enchant monster (bad)
 20781 | D:11     | XOM: silly message
 20846 | D:11     | Found a staircase to the Orcish Mines.
 20846 | D:11     | Found Unawaag's Weapon Emporium.
 21110 | D:11     | XOM: blink monster(s)
 21149 | D:11     | XOM: colour smoke trail
 21282 | D:12     | XOM: summons friendly ufetubus
 21331 | D:12     | XOM: confusion (+ monsters)
 21458 | D:12     | XOM: summons 14 friendly demons
 21579 | D:12     | Noticed Nessos
 21586 | D:12     | Reached skill level 15 in Fighting
 21594 | D:12     | XOM: harmless Trmt miscast
 21635 | D:12     | Reached XP level 15. HP: 103/103 MP: 31/31
 21638 | D:12     | XOM: enchant monster (bad)
 21639 | D:12     | XOM: divination: detect creatures
 21669 | D:12     | Killed Nessos
 21935 | Lair:3   | XOM: harmless Conj miscast
 21939 | Snake:1  | Entered Level 1 of the Snake Pit
 21975 | Snake:1  | XOM: noise
 22191 | Snake:1  | Got a twisted hand axe
 22228 | Snake:1  | XOM: mild Chrm miscast
 22233 | Snake:1  | Identified the +3,+12 hand axe "Beklic" {chop, +Rage rElec Int+1} (You found it on level 1 of the Snake Pit)
 22441 | Orc:1    | Entered Level 1 of the Orcish Mines
 22516 | Orc:1    | Found Gerchiep's Weapon Shop.
 22533 | Orc:1    | Found a shimmering altar of Xom.
 22550 | Orc:1    | Found a bloodstained altar of Trog.
 23187 | Orc:2    | Found a roughly hewn altar of Beogh.
 23265 | Orc:2    | XOM: harmless Ice miscast
 23515 | Orc:3    | Found Trerph's Weapon Boutique.
 23597 | Orc:3    | XOM: potion effect (invisibility)
 23814 | Orc:3    | XOM: harmless Chrm miscast
 23990 | Orc:3    | XOM: summons 1 hostile demon
 24027 | Orc:3    | XOM: enchant monster (good)
 24392 | Orc:4    | Entered Level 4 of the Orcish Mines
 24392 | Orc:4    | Found a staircase to the Elven Halls.
 24392 | Orc:4    | XOM: summons 12 friendly demons
 24396 | Orc:4    | Found Kigidaif's General Store.
 24450 | Orc:4    | Found Psael's Antique Weapon Boutique.
 24639 | Orc:4    | XOM: potion effect (magic)
 24651 | Orc:4    | XOM: potion effect (berserk rage)
 24701 | Orc:4    | XOM: harmless Divn miscast
 24842 | Orc:4    | Found Qeckeypn's Antique Armour Emporium.
 24850 | Orc:4    | Bought a pair of embroidered gloves for 121 gold pieces
 24941 | Orc:4    | Found Diwkog's Jewellery Shoppe.
 25168 | Elf:1    | Entered Level 1 of the Elven Halls
 25254 | Orc:1    | XOM: cast spell 'Summon Butterflies'
 25313 | Lair:1   | Gained mutation: You have a slow metabolism. [potion of beneficial mutation]
 25563 | D:12     | XOM: cast spell 'Confusing Touch'
 25853 | D:12     | XOM: potion effect (berserk rage)
 25858 | D:12     | XOM: potion effect (experience)
 25858 | D:12     | Reached XP level 16. HP: 108/108 MP: 32/32
 26137 | D:13     | XOM: divination: detect items
 26547 | D:13     | XOM is BORED!
 26547 | D:13     | XOM: noise
 26695 | D:13     | XOM: divination: magic mapping
 26716 | D:13     | XOM: silly message
 26999 | Lair:1   | Gained mutation: You are covered in fur (AC +1). [potion of beneficial mutation]
 27000 | Lair:1   | Gained mutation: You are agile. (Dex +2) [potion of beneficial mutation]
 27224 | D:13     | XOM: divination: detect creatures
 27269 | D:13     | Reached skill level 15 in Evocations
 27339 | D:14     | XOM: divination: magic mapping
 27766 | D:14     | XOM: silly message
 27901 | D:14     | Found a gate to the Vaults.
 27906 | D:14     | Reached skill level 10 in Armour
 27915 | D:14     | XOM: potion effect (curing)
 27931 | D:14     | XOM: potion effect (agility)
 27938 | D:14     | XOM: potion effect (might)
 27940 | D:14     | Reached skill level 5 in Dodging
 27944 | D:14     | XOM: silly message
 27963 | D:14     | XOM: harmless Erth miscast
 28074 | D:14     | XOM: enchant monster (good)
 28170 | D:14     | XOM: god gift: mace {god gift}
 28237 | D:14     | XOM: colour smoke trail
 28248 | D:15     | Entered Level 15 of the Dungeon
 28432 | D:15     | Reached XP level 17. HP: 113/113 MP: 33/33
 28443 | D:15     | Found a staircase to the Depths.
 28443 | D:15     | XOM: noise
 28490 | D:15     | Noticed Azrael
 28492 | D:15     | XOM: enchant monster (bad)
 28520 | D:15     | Killed Azrael
 28537 | D:15     | Noticed Louise
 28540 | D:15     | XOM: divination: detect creatures
 28615 | D:14     | XOM: polymorph big kobold -> ogre
 28617 | D:14     | XOM: harmless Conj miscast
 28619 | D:14     | XOM: summons friendly ufetubus
 28847 | Lair:1   | Identified a scroll of acquirement
 28855 | Lair:1   | Reached XP level 18. HP: 119/119 MP: 34/34
 29198 | Snake:1  | XOM: noise
 29227 | Snake:1  | XOM: enchant monster (bad)
 29249 | Snake:1  | XOM: noise
 29263 | Snake:1  | XOM: god gift: sack of spiders
 29381 | Snake:1  | XOM: enchant monster (good)
 29543 | Snake:1  | XOM: vitrification
 29586 | Snake:1  | XOM: noise
 29642 | Snake:1  | XOM: potion effect (invisibility)
 29655 | Snake:1  | XOM: cast spell 'Stoneskin'
 29696 | Snake:1  | Learned a level 1 spell: Animate Skeleton
 29698 | Snake:1  | Learned a level 1 spell: Apportation
 29745 | Snake:1  | XOM: cast spell 'Dragon Form'
 29966 | Snake:1  | XOM: medium Fire miscast
 30013 | Snake:2  | XOM: god gift: wand of heal wounds {god gift}
 30374 | Snake:2  | Noticed Vashnia
 30537 | Snake:2  | Killed Vashnia
 30975 | Snake:2  | XOM: enchant monster (bad)
 31214 | Snake:3  | XOM: 1-stop teleportation journey
 31344 | Snake:3  | Noticed Asterion
 31345 | Snake:3  | XOM: noise
 31350 | Snake:3  | XOM: enchant monster (bad)
 31361 | Snake:3  | Killed Asterion
 31365 | Snake:3  | XOM: swap monsters
 31378 | Snake:3  | XOM: enchant monster (bad)
 31465 | Snake:3  | XOM: polymorph water moccasin -> basilisk
 31470 | Snake:3  | Noticed Donald
 31475 | Snake:3  | Killed Donald
 31475 | Snake:3  | XOM: noise
 31477 | Snake:3  | XOM: polymorph mana viper -> draconian
 31478 | Snake:3  | Reached skill level 16 in Evocations
 31495 | Snake:3  | XOM: harmless Trmt miscast
 31500 | Snake:3  | XOM: summons friendly crimson imp
 31520 | Snake:3  | XOM: potion effect (experience)
 31520 | Snake:3  | Reached XP level 19. HP: 84/124 MP: 23/35
 31564 | Snake:3  | XOM: cast spell 'Call Canine Familiar'
 31592 | Snake:3  | XOM: confuse monster(s)
 31930 | Lair:2   | XOM: god gift: jade ring {god gift}
 32345 | Snake:3  | XOM: mild Tloc miscast
 32580 | Snake:3  | XOM: silly message
 32704 | Snake:4  | XOM: noise
 32871 | Snake:4  | Gained mutation: You can translocate small distances at will. [potion of beneficial mutation]
 32911 | Snake:4  | XOM: potion effect (might)
 32945 | Snake:4  | XOM: noise
 32949 | Snake:4  | XOM: divination: magic mapping
 32969 | Snake:4  | Got a bloodstained glaive
 33051 | Snake:4  | XOM: polymorph salamander -> red wasp
 33169 | Snake:4  | XOM: chaos upgrade
 33345 | Lair:2   | XOM: colour smoke trail
 33511 | Snake:1  | XOM: cast spell 'Summon Butterflies'
 33711 | Snake:4  | XOM: god gift: metallic green potion
 33860 | Snake:4  | XOM: god gift: 12 bolts of frost
 33947 | Snake:5  | Entered Level 5 of the Snake Pit
 33978 | Snake:5  | XOM: god gift: 44 gold pieces
 33994 | Snake:5  | Found Gummapt's Antique Weapon Shoppe.
 34014 | Snake:5  | Found Psi Geu's Book Emporium.
 34061 | Snake:5  | Bought a glowing morningstar for 168 gold pieces
 34141 | Snake:5  | XOM: stat loss: -1 Dex (11/12)
 34203 | Snake:5  | Reached XP level 20. HP: 50/129 MP: 11/36
 34346 | Snake:5  | XOM: blink monster(s)
 34375 | Snake:5  | Found Psuitt's Assorted Antiques.
 34399 | Snake:5  | Found Dexyoxay's Book Shoppe.
 34409 | Snake:5  | Bought a tome of Destruction for 195 gold pieces
 34522 | Snake:5  | Found Jimoj's Food Shoppe.
 34654 | Snake:5  | Noticed Aizul
 34660 | Snake:5  | XOM: silly message
 34664 | Snake:5  | Killed Aizul
 34794 | Snake:5  | Reached skill level 10 in Dodging
 34810 | Snake:5  | XOM: medium Tloc miscast
 34860 | Snake:5  | Reached skill level 17 in Evocations
 34892 | Snake:5  | Got a serpentine rune of Zot
 35108 | Snake:5  | XOM: confuse monster(s)
 35612 | D:15     | XOM: confuse monster(s)
 35631 | D:15     | XOM: potion effect (invisibility)
 35638 | D:15     | Killed Louise
 35643 | D:15     | XOM: enchant monster (good)
 35650 | D:15     | XOM: enchant monster (good)
 35676 | D:15     | Found a snail-covered altar of Cheibriados.
 36032 | D:15     | XOM: blink monster(s)
 36372 | Depths:1 | Entered Level 1 of the Depths
 36374 | Depths:1 | Found a gateway to Hell.
 36440 | Depths:1 | Noticed Yermak's ghost (powerful DgAs)
 36444 | Depths:1 | XOM: summons friendly shadow imp
 36455 | Depths:1 | Killed Yermak's ghost
 36677 | Vaults:1 | Entered Level 1 of the Vaults
 36684 | Vaults:1 | XOM: scenery: 1 doors open
 36695 | Vaults:1 | Found Etoohalyno's Book Boutique.
 36695 | Vaults:1 | XOM: 7-stop teleportation journey
 36777 | Vaults:1 | XOM: polymorph large slime creature -> alligator
 36786 | Vaults:1 | XOM: enchant monster (good)
 36801 | Vaults:1 | XOM: harmless Chrm miscast
 36940 | Vaults:1 | XOM: colour smoke trail
 36970 | Vaults:1 | XOM: potion effect (haste)
 37158 | Vaults:1 | XOM: enchant monster (bad)
 37170 | Vaults:1 | XOM: harmless Divn miscast
 37171 | Vaults:1 | XOM: divination: detect creatures
 37172 | Vaults:1 | XOM: cast spell 'Confusing Touch'
 37173 | Vaults:1 | XOM: noise
 37201 | Vaults:1 | XOM: enchant monster (bad)
 37204 | Vaults:1 | XOM: confuse monster(s)
 37222 | Vaults:1 | XOM: mild Summ miscast
 37225 | Vaults:1 | XOM: cast spell 'Blink'
 37573 | Vaults:1 | XOM: cast spell 'Dispersal'
 37764 | Vaults:1 | XOM: noise
 37837 | Vaults:1 | XOM: confuse monster(s)
 37845 | Vaults:1 | XOM: silly message
 37854 | Vaults:1 | Reached skill level 18 in Evocations
 37949 | Vaults:1 | XOM: silly message
 38085 | Vaults:1 | XOM: give mutation
 38085 | Vaults:1 | Gained mutation: Your mind is acute. (Int +2) [Xom's grace]
 38181 | D:12     | XOM: god gift: glass wand {god gift}
 38224 | D:9      | XOM: vitrification
 38248 | Lair:1   | Learned a level 2 spell: Swiftness
 38333 | Orc:2    | XOM: vitrification
 38376 | Elf:1    | XOM: 1-stop teleportation journey
 38396 | Elf:1    | Found Didutt's Weapon Boutique.
 38484 | Elf:1    | XOM: cast spell 'Metabolic Englaciation'
 38498 | Elf:1    | Reached skill level 1 in Charms
 38517 | Elf:1    | XOM: confusion
 38530 | Elf:1    | XOM: noise
 38570 | Elf:1    | XOM: enchant monster (good)
 38628 | Elf:1    | XOM: cast spell 'Blink'
 39298 | Elf:2    | Found Twoac's Gadget Shop.
 39333 | Elf:2    | Found Catoag's Food Shop.
 39342 | Elf:2    | XOM: polymorph deep elf conjurer -> octopode
 39351 | Elf:2    | XOM: cast spell 'Ice Form'
 39622 | Elf:2    | XOM: vitrification
 39828 | Elf:3    | Entered Level 3 of the Elven Halls
 40161 | Elf:3    | Reached XP level 21. HP: 108/134 MP: 38/38
 40212 | Elf:3    | XOM: 1-stop teleportation journey
 40231 | Elf:3    | XOM: divination: detect creatures
 40262 | Elf:3    | XOM: summons friendly crimson imp
 40264 | Elf:3    | XOM: cast spell 'Ice Form'
 40268 | Elf:3    | XOM: enchant monster (good)
 40280 | Elf:3    | HP: 7/160 [deep elf blademaster/glowing cutlass (7)]
 40280 | Elf:3    | Mangled by a deep elf blademaster

Action                   |  1- 3 |  4- 6 |  7- 9 | 10-12 | 13-15 | 16-18 | 19-21 || total
-------------------------+-------+-------+-------+-------+-------+-------+-------++-------
Melee: Mace              |   168 |   134 |   268 |       |       |       |       ||   570
       Spear             |       |       |    40 |       |       |       |       ||    40
       Flail             |       |       |    34 |       |       |       |       ||    34
       Whip              |       |       |   117 |   945 |  1980 |   941 |  1368 ||  5351
       War axe           |       |       |       |    13 |       |       |       ||    13
       Scimitar          |       |       |       |    76 |    13 |    43 |    56 ||   188
       Unarmed           |       |       |       |       |     4 |     5 |     8 ||    17
       Rod               |       |       |       |       |    30 |       |       ||    30
       Morningstar       |       |       |       |       |       |       |    13 ||    13
 Fire: Blowgun           |       |       |     9 |     7 |       |       |       ||    16
Throw: Tomahawk          |       |     1 |     8 |    20 |     2 |     3 |       ||    34
 Abil: Evoke Flight      |       |       |       |       |     2 |       |       ||     2
       Fly               |       |       |       |       |     1 |       |       ||     1
       Breathe Fire      |       |       |       |       |       |     1 |       ||     1
Evoke: Wand              |       |       |     8 |    34 |    28 |    15 |    16 ||   101
       Rod               |       |       |       |     3 |    38 |    22 |    34 ||    97
       Disc of storms    |       |       |       |     2 |    73 |    32 |    59 ||   166
       Phial of floods   |       |       |       |     1 |     2 |     2 |     1 ||     6
       tome              |       |       |       |       |       |       |    22 ||    22
  Use: Scroll            |     1 |     1 |    14 |    16 |    12 |    18 |    16 ||    78
       Potion            |       |     2 |     8 |     5 |     3 |     3 |     5 ||    26
 Stab: Sleeping          |       |       |     1 |       |       |       |       ||     1
       Paralysed         |       |       |     7 |       |       |       |       ||     7
       Petrifying        |       |       |     3 |       |     1 |       |       ||     4
       Confused          |       |       |     1 |     2 |       |       |     8 ||    11
       Distracted        |       |       |       |     1 |     3 |       |     2 ||     6
       Fleeing           |       |       |       |       |     1 |       |       ||     1
       Petrified         |       |       |       |       |     3 |       |       ||     3
       Invisible         |       |       |       |       |     1 |     2 |     5 ||     8
